[Event "42nd Olympiad Baku 2016 Open"]
[Site "Baku"]
[Date "2016.09.05"]
[Round "4.4"]
[White "Urkedal, Frode"]
[Black "Illingworth, Max"]
[Result "1-0"]
[ECO "D86"]
[WhiteElo "2537"]
[BlackElo "2458"]
[Annotator ""]
[PlyCount "105"]
[EventDate "2016.??.??"]
[EventCountry "AZE"]
[SourceTitle "playchess.com"]
[Source "ChessBase"]
[WhiteTeam "Norway"]
[BlackTeam "Australia"]
[WhiteTeamCountry "NOR"]
[BlackTeamCountry "AUS"]
[TimeControl "40/5400+30:1800+30"]

1. d4 {(00:00)} Nf6 {(00:00)} 2. c4 {(00:00)} g6 {(
00:00)} 3. Nc3 {(00:04)} d5 {(00:00)} 4. cxd5 {(00:37)}
Nxd5 {(00:00)} 5. e4 {(00:09)} Nxc3 {(00:00)} 6. bxc3 {
(00:05)} Bg7 {(00:11)} 7. Bc4 {(00:40)} c5 {(00:07]
} 8. Ne2 {(00:13)} Nc6 {(00:07)} 9. Be3 {(00:13)} O-O {
(00:07)} 10. O-O {(00:23)} Qc7 {(00:12)} 11. Rb1 {(
01:19)} Rd8 {(02:41)} 12. Qa4 {(03:48)} Na5 {(04:27)} 13.
Bf4 {(07:31)} e5 {(00:26)} 14. Bg5 {(00:25)} Rf8 {(
01:45)} 15. Bd5 {(00:52)} Bg4 {(05:08)} 16. f3 {(02:25)}
Bd7 {(00:45)} 17. Qa3 {(09:08)} cxd4 {(04:21)} 18. cxd4 {
(03:24)} exd4 {(00:23)} 19. Bf4 {(05:51)} Qd8 {(00:
35)} 20. Bd2 {(11:21)} Nc6 {(01:59)} 21. Rxb7 {(00:16)}
Rb8 {(04:08)} 22. Rfb1 {(03:37)} Rxb7 {(02:03)} 23. Rxb7 {
(00:07)} Qc8 {(01:01)} 24. Rb1 {(04:52)} Ne5 {(09:
15)} 25. Rc1 {(21:30)} Qb8 {(01:01)} 26. Qb3 {(06:55)} Bb5
{(04:09)} 27. Rb1 {(01:49)} a6 {(03:34)} 28. a4 {(
01:40)} d3 {(02:06)} 29. axb5 {(00:52)} Qb6+ {(08:22)} 30.
Kf1 {(00:30)} dxe2+ {(00:11)} 31. Kxe2 {(00:02)} Rb8 {
(01:18)} 32. f4 {(00:34)} Ng4 {(00:46)} 33. Bxf7+ {
(01:27)} Kh8 {(00:06)} 34. Qg3 {(01:19)} Qd4 {(02:
09)} 35. Rb4 {(00:21)} Qd7 {(00:22)} 36. Bd5 {(02:56)}
axb5 {(00:58)} 37. f5 {(00:46)} Ne5 {(01:23)} 38. fxg6 {
(00:09)} Rf8 {(02:50)} 39. gxh7 {(01:44)} Nc6 {(08:
13)} 40. Rb1 {(00:00)} Nd4+ {(00:00)} 41. Kd3 {(11:47)}
Qc8 {(08:52)} 42. Rc1 {(05:43)} Qa6 {(02:17)} 43. Bb4 {
(01:05)} Rd8 {(05:56)} 44. Qh4 {(21:19)} Rc8 {(10:
11)} 45. Rc7 {(01:54)} Rxc7 {(01:35)} 46. Qd8+ {(00:01)}
Kxh7 {(00:08)} 47. Bg8+ {(00:04)} Kg6 {(00:14)} 48. Qxc7 {
(00:02)} Qf6 {(02:37)} 49. Qg3+ {(00:08)} Kh5 {(00:
17)} 50. Qh3+ {(00:06)} Kg6 {(00:05)} 51. Qh7+ {(00:24)}
Kg5 {(00:13)} 52. Bd2+ {(00:05)} Kg4 {(00:07)} 53. Qh3#
1-0

[Event "42nd Olympiad Baku 2016 Open"]
[Site "Baku"]
[Date "2016.09.05"]
[Round "4.4"]
[White "Valderrama Quiceno, Esteban Alb"]
[Black "Lazov, Toni"]
[Result "1/2-1/2"]
[ECO "E67"]
[WhiteElo "2427"]
[BlackElo "2288"]
[Annotator ""]
[PlyCount "102"]
[EventDate "2016.??.??"]
[EventCountry "AZE"]
[SourceTitle "playchess.com"]
[Source "ChessBase"]
[WhiteTeam "Colombia"]
[BlackTeam "Macedonia"]
[WhiteTeamCountry "COL"]
[BlackTeamCountry "MKD"]
[TimeControl "40/5400+30:1800+30"]

1. Nf3 {(00:00)} Nf6 {(00:00)} 2. c4 {(00:33)} g6 {
(00:08)} 3. Nc3 {(00:51)} Bg7 {(00:19)} 4. d4 {(03:
31)} O-O {(00:21)} 5. g3 {(01:08)} d6 {(02:17)} 6. Bg2 {
(00:06)} Nbd7 {(00:10)} 7. O-O {(00:07)} e5 {(00:
04)} 8. h3 {(02:00)} Re8 {(11:55)} 9. e4 {(02:48)} exd4 {
(00:37)} 10. Nxd4 {(00:08)} Rb8 {(00:29)} 11. Be3 {
(03:50)} a6 {(01:09)} 12. Qc2 {(10:15)} c5 {(09:03]
} 13. Nde2 {(07:07)} b5 {(02:23)} 14. Rad1 {(10:42)} Qc7 {
(09:01)} 15. cxb5 {(08:34)} axb5 {(00:41)} 16. Nf4 {
(01:22)} b4 {(10:04)} 17. Ncd5 {(00:42)} Nxd5 {(01:
21)} 18. Nxd5 {(00:13)} Qa5 {(00:39)} 19. b3 {(02:50)} Ba6
{(09:31)} 20. Rfe1 {(01:23)} Rbc8 {(09:20)} 21. Bg5 {
(02:17)} c4 {(17:13)} 22. Ne7+ {(06:49)} Rxe7 {(00:
12)} 23. Bxe7 {(00:02)} cxb3 {(00:25)} 24. Qxb3 {(00:24)}
Bc3 {(04:15)} 25. Qd5 {(16:12)} Qxd5 {(01:54)} 26. exd5 {
(00:01)} Bxe1 {(00:09)} 27. Rxe1 Re8 {(04:03)} 28. Re3 {
(00:25)} Bc4 {(00:25)} 29. Bxd6 {(00:03)} Rxe3 {(
00:04)} 30. fxe3 {(00:05)} f5 {(02:36)} 31. Bxb4 {(00:35)}
Bxa2 {(00:09)} 32. g4 {(08:39)} Kf7 {(00:44)} 33. gxf5 {
(02:57)} gxf5 {(00:01)} 34. Kf2 {(00:17)} Nf6 {(01:
57)} 35. d6 {(00:09)} Ke6 {(00:11)} 36. Kg3 {(01:09)} Ne8
{(03:27)} 37. Kf4 {(00:33)} Bb1 {(00:06)} 38. Kg5 {
(03:22)} Nxd6 {(00:21)} 39. Bxd6 {(00:19)} Kxd6 {(
00:01)} 40. Kf6 {(00:00)} Bd3 {(00:00)} 41. h4 {(02:50)}
Be2 {(07:34)} 42. Bh3 {(03:57)} Bg4 {(02:19)} 43. Bf1 {
(00:04)} h6 {(05:37)} 44. Bd3 {(00:17)} f4 {(00:11]
} 45. exf4 {(00:02)} Be6 {(03:28)} 46. h5 {(05:08)} Bg4 {
(00:53)} 47. Kg6 {(01:33)} Ke7 {(01:28)} 48. f5 {(
03:18)} Kf8 {(02:03)} 49. Bc4 {(20:04)} Bxf5+ {(01:10)}
50. Kxf5 {(00:06)} Kg7 {(00:04)} 51. Ke5 {(01:00)} Kh7 {
(00:20)} 1/2-1/2

[Event "42nd Olympiad Baku 2016 Open"]
[Site "Baku"]
[Date "2016.09.05"]
[Round "4.37"]
[White "Vallejo Pons, Francisco"]
[Black "Cordova, Emilio"]
[Result "1-0"]
[ECO "A58"]
[WhiteElo "2716"]
[BlackElo "2638"]
[Annotator ""]
[PlyCount "61"]
[EventDate "2016.??.??"]
[EventCountry "AZE"]
[SourceTitle "playchess.com"]
[Source "ChessBase"]
[WhiteTeam "Spain"]
[BlackTeam "Peru"]
[WhiteTeamCountry "ESP"]
[BlackTeamCountry "PER"]
[TimeControl "40/5400+30:1800+30"]

1. d4 {(00:00)} Nf6 {(00:00)} 2. c4 {(00:00)} c5 {(
01:04)} 3. d5 {(00:40)} b5 {(01:13)} 4. cxb5 {(01:29)} a6
{(00:07)} 5. bxa6 {(00:24)} g6 {(00:15)} 6. Nc3 {(
00:16)} Bg7 {(00:07)} 7. e4 {(00:30)} O-O {(00:15)} 8. Be2
{(01:17)} d6 {(22:55)} 9. Nf3 {(02:55)} Nxa6 {(00:
58)} 10. O-O {(04:46)} Nc7 {(02:42)} 11. h3 {(08:32)} Rb8
{(06:25)} 12. Re1 {(07:47)} Bb7 {(05:23)} 13. Bf4 {
(08:35)} Ba8 {(00:20)} 14. Qd2 {(06:31)} Rb4 {(23:
47)} 15. Bf1 {(06:51)} e6 {(11:17)} 16. a3 {(06:28)} Rb6 {
(00:38)} 17. Bc4 {(02:51)} exd5 {(04:52)} 18. exd5 {
(01:27)} Qd7 {(00:03)} 19. b3 {(10:26)} Rfb8 {(00:
06)} 20. Rad1 {(04:33)} Bb7 {(08:27)} 21. Na4 {(04:44)}
Bxd5 {(00:05)} 22. Nxb6 {(00:58)} Rxb6 {(00:04)} 23. Qe2 {
(04:43)} h6 {(00:10)} 24. Qe7 {(03:49)} Bxc4 {(05:
28)} 25. Qxd7 {(04:46)} Nxd7 {(00:04)} 26. bxc4 {(00:09)}
Bf8 {(00:11)} 27. Bxh6 {(01:29)} Ne6 {(01:01)} 28. Bxf8 {
(02:04)} Kxf8 {(00:04)} 29. Rb1 {(01:52)} Ra6 {(00:
06)} 30. Rb7 {(01:12)} Ke7 {(00:15)} 31. Ng5 {(01:06)} 1-0

[Event "42nd Olympiad Baku 2016 Open"]
[Site "Baku"]
[Date "2016.09.05"]
[Round "4.34"]
[White "Vandenbussche, Thibaut"]
[Black "Collutiis, Duilio"]
[Result "1/2-1/2"]
[ECO "B80"]
[WhiteElo "2401"]
[BlackElo "2441"]
[Annotator ""]
[PlyCount "96"]
[EventDate "2016.??.??"]
[EventCountry "AZE"]
[SourceTitle "playchess.com"]
[Source "ChessBase"]
[WhiteTeam "BEL"]
[BlackTeam "ICCD"]
[WhiteTeamCountry "BEL"]
[BlackTeamCountry "ITA"]
[TimeControl "40/5400+30:1800+30"]

1. e4 {(00:00)} c5 {(00:20)} 2. Nf3 {(00:00)} e6 {(
00:06)} 3. d4 {(00:00)} cxd4 {(00:06)} 4. Nxd4 {(00:00)}
Nc6 {(00:10)} 5. Nc3 {(00:04)} Qc7 {(00:04)} 6. g3 {
(00:44)} a6 {(00:09)} 7. Bg2 {(00:22)} d6 {(00:54)}
8. O-O {(01:33)} Bd7 {(00:09)} 9. a4 {(04:40)} Nf6 {
(04:51)} 10. Nxc6 {(02:28)} Bxc6 {(00:15)} 11. a5 {
(01:02)} Be7 {(00:38)} 12. Be3 {(01:57)} O-O {(01:
20)} 13. f4 {(07:14)} Rac8 {(13:33)} 14. g4 {(04:42)} Rfe8
{(04:38)} 15. g5 {(03:45)} Nd7 {(00:06)} 16. Qh5 {(
01:35)} g6 {(07:01)} 17. Qh4 {(05:30)} f5 18. exf5 {(09:
22)} gxf5 {(15:01)} 19. Bxc6 {(06:10)} bxc6 {(03:38)} 20.
Rf3 {(11:09)} Nf8 {(10:32)} 21. Rh3 {(01:10)} Bd8 {
(04:10)} 22. Rd1 {(05:21)} c5 {(03:26)} 23. Qh5 {(
02:31)} Re7 {(00:41)} 24. Ne2 {(05:45)} d5 {(06:48)} 25.
Bd2 {(01:35)} Ng6 {(00:08)} 26. Qf3 {(01:45)} Qb7 {
(02:47)} 27. Ng3 {(04:05)} Qxb2 {(04:55)} 28. Nxf5 {
(02:22)} exf5 {(00:22)} 29. Qxd5+ {(00:06)} Rf7 {(
00:05)} 30. Rxh7 {(01:07)} Qd4+ {(00:18)} 31. Qxd4 {(01:
27)} cxd4 {(00:07)} 32. Rh6 {(00:20)} Kg7 {(01:10)} 33. h4
{(01:20)} Rxc2 {(00:58)} 34. h5 {(03:29)} Nh4 {(00:
50)} 35. Rxa6 {(03:00)} Nf3+ {(02:27)} 36. Kg2 {(00:20)}
Rxd2+ {(00:23)} 37. Rxd2 {(00:04)} Nxd2 {(00:06)} 38. h6+
{(00:27)} Kg8 {(01:06)} 39. Rg6+ {(09:28)} Kh8 {(
04:53)} 40. Rd6 {(00:00)} Bxa5 {(00:00)} 41. g6 {(02:29)}
Ra7 {(03:59)} 42. Re6 {(06:15)} Ra8 {(01:36)} 43. Re7 {
(00:12)} d3 {(12:16)} 44. Rh7+ {(00:34)} Kg8 {(00:
06)} 45. Rg7+ {(00:06)} Kh8 {(00:59)} 46. Rh7+ {(00:04)}
Kg8 {(00:02)} 47. Rg7+ {(00:04)} Kf8 {(00:04)} 48. Rf7+ {
(01:09)} Kg8 {(07:41)} 1/2-1/2

[Event "42nd Olympiad Baku 2016 Open"]
[Site "Baku"]
[Date "2016.09.05"]
[Round "4.24"]
[White "Vedmediuc, Serghei"]
[Black "Karimov, Alisher"]
[Result "1-0"]
[ECO "C65"]
[WhiteElo "2437"]
[BlackElo "2119"]
[Annotator ""]
[PlyCount "109"]
[EventDate "2016.??.??"]
[EventCountry "AZE"]
[SourceTitle "playchess.com"]
[Source "ChessBase"]
[WhiteTeam "Moldova"]
[BlackTeam "Tajikistan"]
[WhiteTeamCountry "MDA"]
[BlackTeamCountry "TJK"]
[TimeControl "40/5400+30:1800+30"]

1. e4 {(00:00)} e5 {(00:00)} 2. Nf3 {(00:00)} Nc6 {
(00:00)} 3. Bb5 {(00:18)} Nf6 {(00:15)} 4. d3 {(07:
35)} Bc5 {(00:13)} 5. c3 {(01:02)} d6 {(00:39)} 6. O-O {
(03:45)} O-O {(00:13)} 7. Nbd2 {(02:57)} a6 {(00:
27)} 8. Ba4 {(01:44)} Ba7 {(00:43)} 9. h3 {(02:02)} Ne7 {
(00:32)} 10. d4 {(02:59)} Ng6 {(00:28)} 11. Re1 {(
00:08)} Qe7 {(03:16)} 12. Bc2 {(09:01)} b5 {(06:00)} 13.
Nf1 {(03:23)} c5 {(08:38)} 14. Ng3 {(02:29)} Qc7 {(
05:37)} 15. Bg5 {(04:00)} Ne8 {(05:12)} 16. Be3 {(03:56)}
Bb6 {(09:12)} 17. a4 {(10:07)} b4 {(09:32)} 18. Nf5 {
(04:57)} bxc3 {(10:58)} 19. bxc3 {(00:38)} cxd4 {(
00:34)} 20. cxd4 {(00:45)} Ba5 {(02:16)} 21. Bd2 {(09:53)}
Bxd2 {(16:37)} 22. Qxd2 {(00:09)} Nf6 {(01:12)} 23. Rac1 {
(00:31)} Be6 {(03:44)} 24. Bb1 {(05:39)} Qb8 {(06:
07)} 25. Qa5 {(01:20)} exd4 {(05:38)} 26. N5xd4 {(01:11)}
Bd7 {(02:13)} 27. Nf5 {(06:16)} Ne5 {(02:22)} 28. Nxe5 {
(07:52)} dxe5 {(00:07)} 29. Red1 {(00:11)} Bxf5 {(
00:46)} 30. exf5 {(00:09)} e4 {(00:43)} 31. Qc7 {(01:37)}
h6 {(00:35)} 32. Ba2 {(01:08)} Ra7 {(00:24)} 33. Bxf7+ {
(00:47)} Kh8 {(00:27)} 34. Qxb8 {(00:12)} Rxb8 {(
00:01)} 35. Bg6 {(00:11)} Kg8 {(00:33)} 36. Rd6 {(01:17)}
Kf8 {(01:01)} 37. Re6 {(03:56)} a5 {(00:27)} 38. Rc5 {
(00:21)} Rd8 {(00:36)} 39. g4 {(01:11)} Rb8 {(00:
38)} 40. Rce5 {(00:00)} Raa8 {(00:00)} 41. Re7 {(07:18)}
Kg8 {(03:26)} 42. Rc7 {(01:00)} Kh8 {(01:07)} 43. Rec5 {
(04:26)} Rd8 {(00:48)} 44. Kh2 {(07:07)} Rab8 {(11:
46)} 45. Bf7 {(04:18)} Kh7 {(06:07)} 46. Rb5 {(01:06)} Ra8
{(01:48)} 47. Rbb7 {(03:27)} Rd2 {(01:37)} 48. Kg3 {
(03:20)} Rad8 {(03:48)} 49. Bg6+ {(01:21)} Kh8 {(
00:02)} 50. Rxg7 {(00:37)} R2d3+ {(02:28)} 51. Kh4 {(02:
50)} e3 {(01:27)} 52. fxe3 {(00:19)} Rxe3 {(00:02)} 53.
Rgf7 {(00:13)} Nd5 {(01:31)} 54. f6 {(00:21)} Nf4 {
(00:53)} 55. Rh7+ 1-0

[Event "42nd Olympiad Baku 2016 Open"]
[Site "Baku"]
[Date "2016.09.05"]
[Round "4.7"]
[White "Vidit, Santosh Gujrathi"]
[Black "Quesada Perez, Yuniesky"]
[Result "1-0"]
[ECO "E17"]
[WhiteElo "2669"]
[BlackElo "2636"]
[Annotator ""]
[PlyCount "83"]
[EventDate "2016.??.??"]
[EventCountry "AZE"]
[SourceTitle "playchess.com"]
[Source "ChessBase"]
[WhiteTeam "India"]
[BlackTeam "Cuba"]
[WhiteTeamCountry "IND"]
[BlackTeamCountry "CUB"]
[TimeControl "40/5400+30:1800+30"]

1. d4 {(00:00)} Nf6 {(00:00)} 2. c4 {(00:00)} e6 {(
00:00)} 3. Nf3 {(00:22)} b6 {(00:33)} 4. g3 {(00:50)} Bb7
{(00:11)} 5. Bg2 {(00:10)} Be7 {(00:16)} 6. O-O {(
00:14)} O-O {(00:19)} 7. Re1 {(01:03)} d5 {(00:37)} 8.
cxd5 {(00:26)} exd5 {(00:06)} 9. Nc3 {(00:09)} Nbd7 {
(00:14)} 10. Bf4 {(01:05)} c5 {(00:37)} 11. Rc1 {(
00:41)} Ne4 {(01:13)} 12. Nxe4 {(00:37)} dxe4 {(00:15)}
13. Nd2 {(00:04)} f5 {(02:44)} 14. Nc4 {(01:19)} Nf6 {
(10:52)} 15. dxc5 {(00:38)} Bxc5 {(01:20)} 16. Bd6 {
(00:14)} Bxd6 {(01:31)} 17. Nxd6 {(00:09)} Qd7 {(
01:23)} 18. Nxb7 {(00:15)} Qxb7 {(00:10)} 19. Qb3+ {(00:
06)} Qd5 {(08:36)} 20. Qxd5+ {(00:27)} Nxd5 {(00:17)} 21.
f3 {(01:07)} exf3 {(20:23)} 22. exf3 {(23:07)} Rad8 {
(24:57)} 23. Bf1 {(09:56)} Kh8 {(10:25)} 24. Bc4 {(
05:13)} Nf6 {(02:44)} 25. Re7 {(09:12)} Rd2 {(01:04)} 26.
Bb3 {(01:00)} Rxb2 {(03:01)} 27. Rxa7 {(00:31)} Rd8 {
(00:57)} 28. Rac7 {(02:50)} h5 {(01:24)} 29. Rc8 {(
02:19)} Rxc8 {(00:07)} 30. Rxc8+ {(00:03)} Kh7 {(00:04)}
31. Rc2 {(10:55)} Rb1+ {(01:22)} 32. Kf2 {(00:11)} Kh6 {
(02:23)} 33. h4 {(10:48)} Rh1 {(03:32)} 34. Rc6 {(
01:43)} f4 {(01:43)} 35. Kg2 {(00:21)} Rb1 {(00:32)} 36.
gxf4 {(07:55)} Rb2+ {(00:05)} 37. Kg3 {(00:26)} b5 {
(00:32)} 38. Rb6 {(01:28)} b4 {(00:12)} 39. f5 {(
01:23)} Rb1 {(02:11)} 40. Rxb4 {(00:00)} Nd5 {(00:00)} 41.
Rb8 {(09:08)} Kh7 {(01:35)} 42. f6 {(00:27)} 1-0

[Event "42nd Olympiad Baku 2016 Open"]
[Site "Baku"]
[Date "2016.09.05"]
[Round "4.14"]
[White "Villegas, Pierre"]
[Black "Goh, Wei Ming Kevin"]
[Result "0-1"]
[ECO "D90"]
[WhiteElo "2329"]
[BlackElo "2444"]
[Annotator ""]
[PlyCount "80"]
[EventDate "2016.??.??"]
[EventCountry "AZE"]
[SourceTitle "playchess.com"]
[Source "ChessBase"]
[WhiteTeam "Monaco"]
[BlackTeam "Singapore"]
[WhiteTeamCountry "MNC"]
[BlackTeamCountry "SIN"]
[TimeControl "40/5400+30:1800+30"]

1. d4 {(00:00)} Nf6 {(00:00)} 2. c4 {(00:00)} g6 {(
00:00)} 3. Nc3 {(00:00)} d5 {(00:00)} 4. Nf3 {(00:08)} Bg7
{(00:00)} 5. h4 {(00:09)} c6 {(00:45)} 6. Bg5 {(00:
43)} Qa5 {(18:17)} 7. e3 {(12:04)} Ne4 {(05:22)} 8. Qb3 {
(01:22)} dxc4 {(00:52)} 9. Bxc4 {(00:50)} Nd6 {(00:
23)} 10. Be2 {(06:19)} Bg4 {(05:30)} 11. Bf4 {(22:20)} Qb6
{(18:02)} 12. Qc2 {(03:08)} Nd7 {(14:57)} 13. a3 {(
21:01)} O-O-O {(11:02)} 14. b4 {(03:46)} Bxf3 {(04:31)}
15. gxf3 {(01:02)} Kb8 {(02:09)} 16. Rd1 {(08:29)} e5 {
(04:30)} 17. dxe5 {(00:06)} Nxe5 {(00:12)} 18. h5 {
(02:45)} Qc7 {(04:22)} 19. Kf1 {(02:55)} Ka8 {(01:
26)} 20. Kg2 {(01:30)} Rc8 {(05:37)} 21. Rd2 {(04:29)} g5
{(01:04)} 22. h6 {(02:03)} gxf4 {(00:33)} 23. hxg7 {
(00:30)} Rhg8 {(00:01)} 24. exf4 {(01:35)} Ng6 {(
01:10)} 25. Rxh7 {(01:45)} Nxf4+ {(00:11)} 26. Kf1 {(00:
04)} Qe7 {(00:43)} 27. Rd4 {(01:27)} Ne6 {(01:03)} 28. Rg4
{(00:51)} f5 {(00:03)} 29. Rg1 {(01:27)} Rce8 {(00:
26)} 30. Qd2 {(00:34)} Nf7 {(00:38)} 31. Bc4 {(00:46)} Ne5
{(00:15)} 32. Be2 {(00:41)} Nf7 {(01:05)} 33. Bc4 {
(00:03)} Nd6 {(00:24)} 34. Be2 {(00:44)} Rd8 {(00:
45)} 35. Qe3 {(00:58)} f4 {(00:26)} 36. Qe5 {(00:42)} Nf7
{(00:01)} 37. Qf5 {(00:17)} Nfg5 {(00:24)} 38. Rh8 {
(00:54)} Qxg7 {(00:40)} 39. Rxg8 {(00:10)} Rxg8 {(
00:07)} 40. Qc2 {(00:00)} Qh8 {(00:00)} 0-1

[Event "42nd Olympiad Baku 2016 Open"]
[Site "Baku"]
[Date "2016.09.05"]
[Round "4.17"]
[White "Wang, Yue"]
[Black "Dvirnyy, Danyyil"]
[Result "1-0"]
[ECO "D11"]
[WhiteElo "2737"]
[BlackElo "2543"]
[Annotator ""]
[PlyCount "71"]
[EventDate "2016.??.??"]
[EventCountry "AZE"]
[SourceTitle "playchess.com"]
[Source "ChessBase"]
[WhiteTeam "China"]
[BlackTeam "Italy"]
[WhiteTeamCountry "CHN"]
[BlackTeamCountry "ITA"]
[TimeControl "40/5400+30:1800+30"]

1. Nf3 {(00:00)} d5 {(00:00)} 2. d4 {(00:00)} Nf6 {
(00:00)} 3. c4 {(00:00)} c6 {(00:00)} 4. e3 {(00:
47)} Bg4 {(00:26)} 5. h3 {(00:50)} Bh5 {(00:07)} 6. g4 {
(00:33)} Bg6 {(00:07)} 7. Ne5 {(00:03)} e6 {(01:35]
} 8. Nxg6 {(00:09)} hxg6 {(00:06)} 9. Bg2 {(00:07)} Nbd7 {
(01:42)} 10. Qd3 {(01:24)} g5 {(07:20)} 11. Nc3 {(
02:36)} Bb4 {(02:29)} 12. Bd2 {(01:22)} Qe7 {(28:25)} 13.
a3 {(04:17)} Bxc3 {(18:01)} 14. Bxc3 {(03:47)} Nf8 {
(02:21)} 15. cxd5 {(29:29)} exd5 {(01:39)} 16. Qf5 {
(06:02)} Ne4 {(13:59)} 17. Bxe4 {(11:10)} Qxe4 {(
00:38)} 18. Qxe4+ {(00:05)} dxe4 {(00:04)} 19. d5 {(00:21]
} cxd5 {(02:26)} 20. Rd1 {(00:41)} O-O-O {(05:14)} 21.
Bxg7 {(00:38)} Rg8 {(00:06)} 22. Bf6 {(06:06)} Rd7 {
(00:05)} 23. f4 {(05:13)} exf3 {(01:39)} 24. Rf1 {(
01:45)} Ne6 {(03:43)} 25. Rxf3 {(00:22)} Kc7 {(04:40)} 26.
Rf5 {(04:05)} Kc6 {(01:23)} 27. Rc1+ {(02:56)} Kb6 {
(01:33)} 28. Ke2 {(00:05)} Rg6 {(01:40)} 29. Rcf1 {
(00:53)} Rh6 {(00:53)} 30. R1f3 {(00:42)} Kc6 {(00:
05)} 31. Bxg5 {(01:28)} Nxg5 {(02:15)} 32. Rxg5 {(00:04)}
d4 {(00:41)} 33. e4 {(01:49)} d3+ {(00:06)} 34. Kd2 {
(00:03)} Re6 {(00:46)} 35. e5 {(01:15)} Rd5 {(00:
44)} 36. Rxf7 {(01:07)} 1-0

[Event "42nd Olympiad Baku 2016 Open"]
[Site "Baku"]
[Date "2016.09.05"]
[Round "4.2"]
[White "Wastney, Scott"]
[Black "Giron, Jorge Ernesto"]
[Result "1-0"]
[ECO "C06"]
[WhiteElo "2312"]
[BlackElo "2208"]
[Annotator ""]
[PlyCount "59"]
[EventDate "2016.??.??"]
[EventCountry "AZE"]
[SourceTitle "playchess.com"]
[Source "ChessBase"]
[WhiteTeam "New Zealand"]
[BlackTeam "El Salvador"]
[WhiteTeamCountry "NZL"]
[BlackTeamCountry "ESA"]
[TimeControl "40/5400+30:1800+30"]

1. e4 {(00:00)} e6 {(00:19)} 2. d4 {(00:00)} d5 {(
00:06)} 3. Nd2 {(00:09)} Nf6 {(00:19)} 4. e5 {(00:23)}
Nfd7 {(00:09)} 5. Bd3 {(00:24)} c5 {(00:10)} 6. c3 {
(00:14)} Nc6 {(00:08)} 7. Ne2 {(00:35)} cxd4 {(01:
11)} 8. cxd4 {(00:06)} f6 {(00:04)} 9. exf6 {(00:25)} Nxf6
{(00:10)} 10. Nf3 {(02:48)} Bd6 {(01:20)} 11. O-O {
(00:21)} O-O {(00:07)} 12. Bf4 {(01:56)} Bxf4 {(07:
05)} 13. Nxf4 {(00:06)} Ne4 {(00:14)} 14. Ne2 {(07:44)}
Qb6 {(28:47)} 15. Qc1 {(19:37)} Nb4 {(04:14)} 16. Bb1 {
(09:22)} Bd7 {(06:34)} 17. Nc3 {(00:31)} e5 {(19:
52)} 18. Nxe4 {(14:23)} dxe4 {(00:14)} 19. Nxe5 {(02:36)}
Bb5 {(00:33)} 20. Rd1 {(00:56)} Be2 {(02:24)} 21. Rd2 {
(01:51)} Rac8 {(00:30)} 22. Qe1 {(00:28)} e3 {(02:
45)} 23. Rxe2 {(02:36)} exf2+ {(00:28)} 24. Rxf2 {(00:38)}
Rxf2 {(00:08)} 25. Bxh7+ {(03:09)} Kxh7 {(00:01)} 26. Qxf2
{(00:18)} Nc2 {(05:47)} 27. Rc1 {(07:36)} Kh8 {(03:
18)} 28. Nf7+ {(04:56)} Kg8 {(00:09)} 29. Ng5 {(00:08)}
Qg6 {(01:47)} 30. h4 1-0

[Event "42nd Olympiad Baku 2016 Open"]
[Site "Baku"]
[Date "2016.09.05"]
[Round "4.1"]
[White "Wiedenkeller, Michael"]
[Black "Ferreira, Jorge Viterbo"]
[Result "1-0"]
[ECO "D10"]
[WhiteElo "2458"]
[BlackElo "2511"]
[Annotator ""]
[PlyCount "107"]
[EventDate "2016.??.??"]
[EventCountry "AZE"]
[SourceTitle "playchess.com"]
[Source "ChessBase"]
[WhiteTeam "Luxembourg"]
[BlackTeam "Portugal"]
[WhiteTeamCountry "LUX"]
[BlackTeamCountry "POR"]
[TimeControl "40/5400+30:1800+30"]

1. d4 {(00:00)} d5 {(00:00)} 2. c4 {(00:11)} c6 {(
03:40)} 3. cxd5 {(01:18)} cxd5 {(00:19)} 4. Bf4 {(00:25)}
Nc6 {(00:42)} 5. e3 {(00:32)} Nf6 {(00:30)} 6. Nc3 {
(00:19)} a6 {(00:56)} 7. Bd3 {(04:49)} Bg4 {(01:12]
} 8. Nge2 {(01:51)} e6 {(00:50)} 9. O-O {(09:43)} Bd6 {
(04:25)} 10. Bxd6 {(09:28)} Qxd6 {(00:20)} 11. Rc1 {
(00:20)} O-O {(09:09)} 12. Na4 {(04:39)} Nd7 {(09:
55)} 13. Qb3 {(10:02)} Qb4 {(15:56)} 14. Qc2 {(05:19)}
Bxe2 {(05:25)} 15. Bxe2 {(02:53)} Rac8 {(02:08)} 16. Nc5 {
(08:38)} Rfd8 {(28:31)} 17. a3 {(02:09)} Qb6 {(00:
11)} 18. Bd3 {(02:41)} g6 {(00:32)} 19. Qd2 {(04:20)} Nxc5
{(00:58)} 20. dxc5 {(02:19)} Qc7 {(00:09)} 21. b4 {
(01:55)} e5 {(00:50)} 22. Rfd1 {(01:00)} e4 {(00:
44)} 23. Be2 {(01:01)} d4 {(00:51)} 24. exd4 {(01:09)}
Nxd4 {(00:13)} 25. Qe3 {(01:03)} Nxe2+ {(04:35)} 26. Qxe2
{(00:02)} Qe5 {(00:37)} 27. Rd2 {(02:56)} Rxd2 {(
03:21)} 28. Qxd2 {(00:07)} Re8 {(00:24)} 29. Re1 {(08:28)}
Kg7 {(02:04)} 30. g3 {(00:42)} h5 {(00:30)} 31. h4 {
(05:46)} Re7 {(00:48)} 32. Qe3 {(00:29)} Qd5 {(01:
52)} 33. Re2 {(00:35)} Qe5 {(01:18)} 34. Rd2 {(00:29)} Kh7
{(00:18)} 35. Kg2 {(02:36)} Kg7 {(00:07)} 36. a4 {(
00:49)} Rc7 {(01:59)} 37. Rc2 {(02:19)} Rd7 {(00:10)} 38.
Rc4 {(01:05)} Rd3 {(01:49)} 39. Qxe4 {(01:09)} Qxe4+ {
(00:08)} 40. Rxe4 {(00:00)} a5 {(00:00)} 41. Re7 {(
15:02)} axb4 {(02:15)} 42. Rxb7 {(00:08)} Rc3 {(00:10)}
43. Rb5 {(01:11)} b3 {(01:31)} 44. a5 {(00:15)} b2 {
(00:24)} 45. Rxb2 {(00:10)} Rxc5 {(00:07)} 46. Ra2 {
(00:10)} Rc7 {(00:18)} 47. a6 {(00:06)} Ra7 {(00:
05)} 48. Kf3 {(00:44)} Kf6 {(00:32)} 49. Ke4 {(00:39)} Ke6
{(00:08)} 50. Kd4 {(00:40)} Kd6 {(00:12)} 51. Ra1 {
(00:46)} Kc6 {(00:42)} 52. Ke5 {(00:21)} Kc5 {(01:
10)} 53. f4 {(00:41)} Kc4 {(02:03)} 54. f5 {(00:23] Kd5+
Ke4+} 1-0